 Dungeon Crawl Stone Soup version 0.25.1-8-g42b30a86e7 (webtiles) character file.

Game seed: 4633441600950949249

101 KamiKatze the Slasher (level 5, -1/54 HPs)
             Began as a Halfling Berserker on Dec 7, 2020.
             Was a Believer of Trog.
             Killed from afar by an orc wizard (2 damage)
             ... with a magic dart
             ... on level 3 of the Dungeon.
             The game lasted 00:09:06 (1757 turns).

KamiKatze the Slasher (Halfling Berserker)          Turns: 1757, Time: 00:09:07

Health: -1/54      AC:  7    Str: 19    XL:     5   Next: 4%
Magic:  5/5        EV: 14    Int:  5    God:    Trog [**....]
Gold:   165        SH:  0    Dex: 14    Spells: 4/4 levels left

rFire    . . .     SeeInvis .   a - +0 falchion
rCold    . . .     Gourm    .   (shield restricted)
rNeg     . . .     Faith    .   w - +0 ring mail
rPois    .         Spirit   .   s - +0 helmet
rElec    .         Reflect  .   k - +0 cloak
rCorr    .         Harm     .   (no gloves)
MR       ++...                  (no boots)
Stlth    ..........             (no amulet)
HPRegen  1.18/turn              g - ring of stealth
MPRegen  0.09/turn              (no ring)

@: berserking, lethally poisoned (-1 -> -6), regenerating, hasted, very quick
A: small, mutation resistance 1
a: Berserk, Trog's Hand, Renounce Religion


You were on level 3 of the Dungeon.
You worshipped Trog.
Trog was pleased with you.
You were near starving.

You visited 1 branch of the dungeon, and saw 3 of its levels.

You collected 165 gold pieces.

Inventory:

Hand Weapons
 a - a +0 falchion (weapon)
 b - a +0 flail
 o - a +0 hunting sling
Missiles
 d - 138 stones (quivered)
 f - 13 sling bullets
Armour
 k - a +0 cloak (worn)
 s - a +0 helmet (worn)
 w - a +0 ring mail (worn)
Jewellery
 g - a ring of stealth (left hand)
Wands
 u - a wand of flame (9)
Scrolls
 h - 2 scrolls of blinking {unknown}
 i - a scroll of identify {unknown}
 j - a scroll of enchant armour {unknown}
 l - a scroll of remove curse {unknown}
 m - a scroll of fog {unknown}
 n - a scroll of random uselessness {unknown}
 p - 2 scrolls of amnesia {unknown}
 r - a scroll of teleportation {unknown}
Potions
 t - a potion of might {unknown}
Comestibles
 c - 7 rations
 v - a chunk of flesh


   Skills:
 + Level 3.1 Fighting
 * Level 4.0 Long Blades
 - Level 1.0 Throwing
 + Level 2.9 Armour
 + Level 2.9 Dodging
 + Level 0.0 Evocations


You had 4 spell levels left.
You didn't know any spells.
Your spell library was empty.

Dungeon Overview and Level Annotations

Branches:
Dungeon (3/15)

Altars:
Ru

Annotations:
D:2 1 exclusion


Innate Abilities, Weirdness & Mutations

You are small and have problems with some larger weapons.
You are somewhat resistant to further mutation.


Message History

Unknown command.
Your skin crawls.
You feel resistant to hostile enchantments.
You are feeling hungry.
You feel sick. Something hits you.
* * * LOW HITPOINT WARNING * * *
You are more poisoned.
A red film seems to cover your vision as you go berserk!
You feel yourself moving faster!
You feel mighty!
You are near starving!
* * * LOW HITPOINT WARNING * * *
You feel sick.
Unknown command.
You hit something.
* * * LOW HITPOINT WARNING * * *
You feel sick.
You hear some strange, mumbled words.
A magic dart appears from out of thin air!
The magic dart hits you.
You die...

.() ......
#.......# #.
#.##....#
.#.....### #.
.......# ...##....#
#. #.....#
.#.#...#.# #.
.....# #.#.#...#.#
#.
#.#.###.#.#.....#
#.
#.#.......#....####
#.
#.###)##....#....#
#.
#.#(.{@#.##.##...##
#.
#.#.####.#....[<..#
#.
#.#.........####.##
## #.......###.# .#
#.......# #.# ##
##.....## #.#
######.....# #.#
#...##....>####.#
###.#.........>..


There were no monsters in sight!

Vanquished Creatures
  Robin (D:2)
  An adder (D:2)
  6 worms (D:2)
  2 dart slugs (D:1)
  A leopard gecko (D:2)
  2 orcs (D:3)
  6 bats
  3 giant cockroaches (D:2)
  13 goblins
  5 hobgoblins (D:2)
  2 jackals (D:1)
  3 frilled lizards
  7 kobolds (D:1)
  5 rats
57 creatures vanquished.

Notes
Turn   | Place    | Note
-------+----------+-------------------------------------------
     0 | D:1      | KamiKatze the Halfling Berserker began the quest for the
                  | Orb.
     0 | D:1      | Reached XP level 1. HP: 15/15 MP: 1/1
   402 | D:1      | Reached XP level 2. HP: 15/20 MP: 2/2
   661 | D:1      | Reached XP level 3. HP: 24/25 MP: 3/3
   937 | D:2      | Reached skill level 1 in Throwing
  1046 | D:2      | Reached XP level 4. HP: 31/31 MP: 4/4
  1157 | D:2      | Found a sacrificial altar of Ru.
  1352 | D:2      | Noticed Robin
  1376 | D:2      | Reached ** piety under Trog
  1390 | D:2      | Killed Robin
  1532 | D:2      | Reached skill level 4 in Long Blades
  1536 | D:2      | Reached XP level 5. HP: 27/36 MP: 5/5
  1598 | D:3      | Noticed a bullfrog
  1756 | D:3      | HP: 2/54 [poisoned by an orc wizard]
  1757 | D:3      | Killed from afar by an orc wizard

Illustrated notes

Levels and vault maps discovered:
D:1:      dpeg_arrival_three_smaller_balls, layout_basic
D:2:      layout_basic, lemuel_round_altar, first_ration,
          lightli_corner_chamber, uniq_robin
D:3:      layout_basic, elyvilon_altar_5, chequers_ecumenical_altar_simple_redux

Skill      XL: |  1  2  3  4 |
---------------+-------------+-----
Throwing       | 1 |  1.0
Fighting       | 3 |  3.1
Long Blades    | 4 |  4.0
Armour         | |  2.9
Dodging        | |  2.9

Action                   |  1- 3 |  4- 6 || total
-------------------------+-------+-------++-------
Melee: Falchion          |    71 |    74 ||   145
 Fire: Hunting sling     |       |     2 ||     2
Throw: Stone             |    24 |       ||    24
Invok: Trog's Hand       |       |     2 ||     2
       Berserk           |       |     1 ||     1
  Use: Potion            |       |     2 ||     2
 Stab: Sleeping          |     2 |     3 ||     5
  Eat: Chunk             |       |     3 ||     3
Armor: Leather armour    |    20 |    28 ||    48
       Ring mail         |       |     6 ||     6
Dodge: Dodged            |    54 |    57 ||   111
       Rpst.: Falchion   |    15 |    20 ||    35
